 Dungeon Crawl Stone Soup version 0.20.1-1-g8b1a95d66d (webtiles) character file.

443 Peloso the Covered (level 7, -2/46 HPs)
             Began as a Halfling Fighter on Nov 28, 2017.
             Was an Initiate of Okawaru.
             Killed from afar by MondaySad's ghost (7 damage)
             ... with a flame tongue
             ... on level 5 of the Dungeon.
             The game lasted 00:07:26 (4007 turns).

Peloso the Covered (Halfling Fighter)               Turns: 4007, Time: 00:07:26

Health: -2/46      AC:  8    Str: 19    XL:     7   Next: 23%
Magic:  7/7        EV: 10    Int:  6    God:    Okawaru [......]
Gold:   238        SH: 10    Dex: 14    Spells: 6/6 levels left

rFire    + . .     SeeInvis +   a - +0 long sword (freeze)
rCold    . . .     Gourm    .   c - +0 shield
rNeg     . . .     Faith    .   b - +0 scale mail
rPois    .         Spirit   .   (no helmet)
rElec    .         Reflect  .   u - +0 cloak
rCorr    .         Harm     .   (no gloves)
MR       .....                  (no boots)
Stlth    ..........             (no amulet)
Regen    0.2/turn               j - ring of protection from fire
MPRegen  0.1/turn               q - ring of see invisible (curse)

@: no status effects
A: mutation resistance 1
a: Renounce Religion


You were on level 5 of the Dungeon.
You worshipped Okawaru.
Okawaru was noncommittal.
You were very hungry.

You visited 2 branches of the dungeon, and saw 6 of its levels.

You collected 238 gold pieces.

Inventory:

Hand Weapons
 a - a +0 long sword of freezing (weapon)
Armour
 b - a +0 scale mail (worn)
 c - a +0 shield (worn)
 u - a +0 cloak (worn)
Jewellery
 i - an uncursed amulet of harm
 j - a ring of protection from fire (left hand)
 q - a cursed ring of see invisible (right hand)
Wands
 v - a wand of paralysis (16/24)
Scrolls
 d - 2 scrolls of enchant armour {unknown}
 k - 5 scrolls of teleportation {unknown}
 l - 3 scrolls of remove curse {unknown}
 m - a scroll of magic mapping {unknown}
 n - a scroll of fog {unknown}
 o - 2 scrolls of enchant weapon {unknown}
 r - 8 scrolls of identify {unknown}
 s - a scroll of noise {unknown}
 t - a scroll of immolation {unknown}
 w - 2 scrolls of blinking {unknown}
Potions
 e - a potion of curing
 h - 3 potions of lignification {unknown}
 p - 3 potions of agility {unknown}
 z - a potion of ambrosia {unknown}
 A - a potion of degeneration {unknown}
Comestibles
 f - 8 bread rations
 g - 5 meat rations
 x - a royal jelly


   Skills:
 + Level 3.5 Fighting
 + Level 4.0 Long Blades
 + Level 5.0 Armour
 + Level 2.1 Dodging
 + Level 0.8 Stealth
 + Level 4.9 Shields


You had 6 spell levels left.
You didn't know any spells.

Dungeon Overview and Level Annotations

Branches:
Dungeon (5/15)             Temple (1/1) D:5

Altars:
Kikubaaqudgha
Okawaru
Ru
Sif Muna
Uskayaw
Xom

Annotations:
D:5 MondaySad's ghost, novice DrFE; Prince Ribbit


Innate Abilities, Weirdness & Mutations

You are small and have problems with some larger weapons.
You are somewhat resistant to further mutation.


Message History

You hit the crimson imp. You freeze the crimson imp.
The crimson imp is lightly wounded.
The crimson imp barely misses you. MondaySad's ghost casts a spell at you.
The flame tongue hits you! You resist.
* * * LOW HITPOINT WARNING * * *
Unknown command.
You slash the crimson imp! You freeze the crimson imp.
The crimson imp is almost dead.
The crimson imp blinks!
MondaySad's ghost casts a spell at you. The puff of flame hits you! You resist.
* * * LOW HITPOINT WARNING * * *
MondaySad's ghost hits you but does no damage.
The crimson imp blinks!
Unknown command.
There is an open door here.
MondaySad's ghost casts a spell at you. The flame tongue hits you! You resist.
You die...

# #. #.# #. ##+## ###.# ##.#
##...## #.... ##...#
##.....## #.#.# #.....
##.......## ##....
###....####.........####.....
..........W.@.......'........
......5.###.........####.....
..##..#.# ##.......## ##....
#.##.# ##.....## ####. #..#.#
##...## #. ..###.#.# ##'## #.
........# #.# #. #.####.#.#
#.# #. #........#######.## #.


You could see MondaySad's ghost and a crimson imp.

Vanquished Creatures
  The ghost of Smoofers the Cudgeler, an amateur GrBe of Trog (D:3)
  A scorpion (D:4)
  An orc priest (D:4)
  2 hounds
  An orc wizard (D:4)
  Jessica (D:3)
  A worker ant (D:5)
  4 adders
  2 worms
  A leopard gecko (D:2)
  8 orcs
  3 giant cockroaches
  9 goblins
  7 hobgoblins
  2 jackals (D:3)
  5 kobolds
  2 ball pythons
  3 bats
  6 frilled lizards
  A jackal skeleton (D:4)
  A quokka skeleton (D:4)
  9 rats
71 creatures vanquished.

Notes
Turn   | Place    | Note
-------+----------+-------------------------------------------
     0 | D:1      | Peloso the Halfling Fighter began the quest for the Orb.
     0 | D:1      | Reached XP level 1. HP: 15/15 MP: 1/1
   140 | D:1      | Reached XP level 2. HP: 16/20 MP: 2/2
   692 | D:2      | Reached XP level 3. HP: 11/25 MP: 3/3
  1728 | D:3      | Reached skill level 4 in Armour
  1732 | D:3      | Reached XP level 4. HP: 31/31 MP: 4/4
  1930 | D:3      | Noticed Jessica
  1942 | D:3      | Killed Jessica
  2323 | D:3      | Reached skill level 1 in Dodging
  2323 | D:3      | Reached XP level 5. HP: 29/36 MP: 5/5
  2367 | D:3      | Noticed Smoofers's ghost (amateur GrBe)
  2399 | D:3      | Killed Smoofers's ghost
  2399 | D:3      | Reached XP level 6. HP: 12/42 MP: 6/6
  3063 | D:4      | Reached XP level 7. HP: 27/46 MP: 7/7
  3312 | D:4      | Noticed a hand axe
  3313 | D:4      | Found a hide-covered altar of Uskayaw.
  3313 | D:4      | Noticed a hand axe
  3500 | D:5      | Entered Level 5 of the Dungeon
  3884 | D:5      | Reached skill level 5 in Armour
  3920 | D:5      | Found a staircase to the Ecumenical Temple.
  3926 | Temple   | Entered the Ecumenical Temple
  3932 | Temple   | Became a worshipper of Warmaster Okawaru
  3961 | D:5      | Noticed Prince Ribbit
  3980 | D:5      | Noticed MondaySad's ghost (novice DrFE)
  4007 | D:5      | Killed from afar by MondaySad's ghost

Skill      XL: |  1  2  3  4  5  6  7 |
---------------+----------------------+-----
Fighting       | 3 |  3.5
Armour         | 4 5 |  5.0
Dodging        | 1 2 |  2.1
Shields        | 4 |  4.9
Long Blades    | 3 4 |  4.0
Stealth        | |  0.8

Action                   |  1- 3 |  4- 6 |  7- 9 || total
-------------------------+-------+-------+-------++-------
Melee: Long sword        |   111 |   120 |    49 ||   280
  Use: Potion            |       |     2 |     1 ||     3
  Eat: Chunk             |     3 |     4 |     2 ||     9
Armor: Scale mail        |    59 |    38 |    21 ||   118
Dodge: Dodged            |    51 |    48 |    25 ||   124
Block: Shield            |    71 |    83 |    29 ||   183
       Rpst.: Long sword |    16 |    13 |     7 ||    36
